 Dungeon Crawl Stone Soup version 0.29.1-2-gbd0b4ee654 (webtiles) character file.

Game seed: 1786110197667793400

32175 Linkola the Bludgeoner (level 13, -4/116 HPs)
             Began as a Minotaur Fighter on Nov 1, 2022.
             Was a High Priest of Wu Jian.
             Slain by a death yak (9 damage)
             ... on level 3 of the Lair of Beasts on Nov 2, 2022.
             The game lasted 00:43:47 (15750 turns).

Linkola the Bludgeoner (Minotaur Fighter)          Turns: 15750, Time: 00:43:48

Health: -4/116     AC: 28    Str: 24    XL:     13   Next: 30%
Magic:  12/12      EV:  8    Int:  5    God:    Wu Jian [*****.]
Gold:   982        SH: 14    Dex: 16    Spells: 12/12 levels left

rFire   . . .      SeeInvis .   h - +2 eveningstar (drain)
rCold   + + +      Faith    .   q - +2 kite shield of Bespelled Surprise {rN+}
rNeg    + + .      Spirit   .   y - +2 plate armour
rPois   .          Reflect  .   (helmet restricted)
rElec   +          Harm     .   H - +0 cloak
rCorr   .          Rampage  .   (no gloves)
Will    +....                   i - +2 pair of boots
Stlth   ..........              C - amulet of the acrobat
HPRegen 0.29/turn               f - ring "Mufav" {Will+ Dex+4}
MPRegen 0.13/turn               u - ring "Geupli" {Fly rElec rC+++ rN+ Stlth+}

@: mighty, under a protective aura, flying
A: horns 2, retaliatory headbutt
a: Renounce Religion, Wall Jump, Serpent's Lash, Heavenly Storm


You were on level 3 of the Lair of Beasts.
You worshipped Wu Jian.
Wu Jian was extremely pleased with you.
You visited 3 branches of the dungeon, and saw 16 of its levels.

You collected 982 gold pieces.

Inventory:

Hand Weapons
 h - a +2 eveningstar of draining (weapon)
Missiles
 c - 2 curare-tipped darts
 l - 17 stones (quivered)
 w - 12 poisoned darts
 x - 9 boomerangs
Armour
 i - a +2 pair of boots (worn)
 q - the +2 kite shield of Bespelled Surprise (worn) {rN+}
   (You acquired it on level 4 of the Dungeon)

   rN:        It protects you from negative energy.
 y - a +2 plate armour (worn)
 H - a +0 cloak (worn)
Jewellery
 f - the ring "Mufav" (left hand) {Will+ Dex+4}
   (You found it on level 2 of the Dungeon)

   [ring of willpower]

   Dex:       It affects your dexterity (+4).
   Will:      It increases your willpower.
 u - the ring "Geupli" (right hand) {Fly rElec rC+++ rN+ Stlth+}
   (You found it on level 8 of the Dungeon)

   [ring of positive energy]

   rC:        It renders you almost immune to cold.
   rElec:     It insulates you from electricity.
   rN:        It protects you from negative energy.
   Fly:       It grants you flight.
   Stlth:     It makes you more stealthy.
 C - an amulet of the acrobat (around neck)
Wands
 k - a wand of paralysis (5)
 p - a wand of mindburst (24)
 s - a wand of polymorph (26)
 t - a wand of flame (19)
 D - a wand of iceblast (6)
 J - a wand of light (7)
Scrolls
 a - a scroll of acquirement
 b - 2 scrolls of fear
 o - 6 scrolls of teleportation
 A - 3 scrolls of enchant armour
 F - a scroll of fog
 K - 2 scrolls of amnesia
 L - a scroll of magic mapping
Potions
 d - 2 potions of might
 e - 7 potions of curing
 g - 3 potions of haste
 j - 2 potions of degeneration {unknown}
 m - 2 potions of ambrosia
 n - 2 potions of invisibility {unknown}
 r - a potion of brilliance {unknown}
 z - 3 potions of berserk rage {unknown}
 B - a potion of magic {unknown}
 G - a potion of resistance {unknown}
 I - a potion of cancellation {unknown}


   Skills:
 + Level 11.0 Fighting
 + Level 15.8 Maces & Flails
 + Level 10.0 Throwing
 + Level 10.9 Armour
 * Level 5.1 Dodging
 + Level 0.8 Stealth
 + Level 11.7 Shields


You had 12 spell levels left.
You didn't know any spells.
Your spell library contained the following spells:

 Spells                   Type           Power      Damage    Failure   Level
 Magic Dart               Conj           0%         1d3       100%        1
 Call Imp                 Summ           0%         N/A       100%        2
 Inner Flame              Hex/Fire       0%         N/A       100%        3
 Mephitic Cloud           Conj/Pois/Air  0%         N/A       100%        3
 Anguish                  Hex/Necr       0%         N/A       100%        4
 Cause Fear               Hex            0%         N/A       100%        4
 Petrify                  Tmut/Erth      0%         N/A       100%        4
 Blade Hands              Tmut           0%         N/A       100%        5
 Fireball                 Conj/Fire      0%         3d3       100%        5
 Irradiate                Conj/Tmut      0%         3d11      100%        5
 Iskenderun's Battlesphe  Conj           0%         2d6       100%        5
 Metabolic Englaciation   Hex/Ice        0%         N/A       100%        5
 Conjure Ball Lightning   Conj/Air       0%         3x3d6     100%        6
 Statue Form              Tmut/Erth      0%         N/A       100%        6
 Dragon Form              Tmut           0%         N/A       100%        7
 Enfeeble                 Hex            0%         N/A       100%        7
 Orb of Destruction       Conj           0%         9d5       100%        7
 Discord                  Hex            0%         N/A       100%        8


Dungeon Overview and Level Annotations

Branches:
Dungeon (12/15)            Temple (1/1) D:5            Lair (3/5) D:10
  Swamp (0/4) Lair:2        Snake (0/4) Lair:2          Orc (0/2) D:9

Altars:
Ashenzari
Cheibriados
Dithmenos
Elyvilon
Fedhas
Gozag
Hepliaklqana
Kikubaaqudgha
Makhleb
Nemelex Xobeh
Okawaru
Qazlal
Ru
Sif Muna
Trog
Uskayaw
Vehumet
Wu Jian
Xom
Yredelemnul
Zin
The Shining One

Shops:
D:4 *   D:9 =

Portals:
Trove: D:11 (give 11 potions of heal wounds)


Innate Abilities, Weirdness & Mutations

You have a pair of horns on your head.
You reflexively headbutt those who attack you in melee.


Message History

The death yak gores you.
* * * LOW HITPOINT WARNING * * *
You feel better.
The death yak gores you but does no damage. x2
You block the death yak's attack. x2
You feel very mighty all of a sudden. The death yak gores you!
* * * LOW HITPOINT WARNING * * *
The death yak gores you!!
* * * LOW HITPOINT WARNING * * *
The death yak gores you but does no damage.
You block the death yak's attack.
You spin and attack the death yak.
You impale the death yak!! You headbutt the death yak!
The death yak is severely wounded.
You spin and attack the death yak.
You hit the death yak.
The death yak is moderately wounded.
You block the death yak's attack.
Okay, then.
As you read the scroll labelled ROTERR MAUMUSK, it crumbles to dust.
It is a scroll of brand weapon.
Your +2 eveningstar of protection craves living souls!
h - a +2 eveningstar of draining (weapon)
The death yak gores you but does no damage. x3
You block the death yak's attack.
You spin and attack the death yak.
You sock the death yak! Your headbutt misses the death yak.
The death yak is severely wounded.
You spin and attack the death yak.
You sock the death yak!
The death yak is almost dead.
You block the death yak's attack. The death yak gores you.
* * * LOW HITPOINT WARNING * * *
You puncture the death yak!
You kill the death yak!
The Council accepts your kill.
You puncture the death yak!
The death yak is almost dead.
The death yak closely misses you. You furiously retaliate!
You headbutt the death yak. The death yak gores you!
You die...

###............P...
......#.#.....##....#....
................###..##...
........##....### #..##...
.P.......#...## ...###..
.P...........######..###..
#.........................
.#......Y#................
..........Y@................ ##
..........Y†................
.###..#P..........######...#....#
..............†.#..#####.........
................#.###.#..........
.......................#.........
...####................#.........
...####................#.........
..#≈≈≈........♣...♣..............


You could see 3 death yaks.

Vanquished Creatures
  4 hydras
  Erolcha (D:12)
  Fannar (D:12)
  2 two-headed ogres
  2 death yaks (Lair:3)
  A slime creature (D:12)
  The ghost of decrepitue the Skirmisher, a novice DEAM of Makhleb (D:10)
  The ghost of rubinsalamander the Firebug, a novice DsFE of Okawaru (D:8)
  The ghost of twist the Chiller, a novice OpTm (D:9)
  A deep elf pyromancer (D:12)
  3 cyclopes
  A moth of wrath (D:8)
  A manticore (D:12)
  Joseph (D:7)
  2 black mambas
  3 gargoyles (D:12)
  4 cane toads
  6 komodo dragons (Lair:2)
  2 trolls
  A shadow (D:11)
  39 yaks
  8 wyverns
  A vampire (D:12)
  2 basilisks
  2 steam dragons
  Menkaure (D:6)
  7 vampire mosquitoes
  3 nagas (Lair:2)
  7 water moccasins
  Duvessa (D:7)
  2 sky beasts
  4 black bears
  5 orc warriors
  3 ice beasts
  2 ogres
  31 wolves
  3 centaurs
  A phantom (D:5)
  2 kobold brigands
  11 bullfrogs
  A scorpion (D:6)
  Dowan (D:7)
  7 killer bees
  A vampire bat (D:5)
  An electric eel (Lair:2)
  7 howler monkeys
  4 hounds
  6 orc priests
  2 jellies
  Ijyb (D:4)
  5 iguanas
  13 orc wizards
  3 gnolls (D:9)
  8 adders
  2 white imps
  2 ufetubi
  3 worms (D:2)
  3 fire bats (D:5)
  41 orcs
  2 spectral bats (D:5)
  6 ball pythons
  16 bats
  3 bat skeletons (D:5)
  A bat zombie (D:5)
  An endoplasm (D:1)
  4 giant cockroaches
  10 goblins
  5 hobgoblins
  2 jackals (D:1)
  17 kobolds
  5 quokkas
  A bat simulacrum (D:5)
  4 frilled lizards (D:2)
  3 rats
365 creatures vanquished.

Vanquished Creatures (others)
  14 fungi
  30 plants
44 creatures vanquished.

Grand Total: 409 creatures vanquished

Notes
Turn   | Place    | Note
-------+----------+-------------------------------------------
     0 | D:1      | Linkola the Minotaur Fighter began the quest for the Orb.
     0 | D:1      | Reached XP level 1. HP: 19/19 MP: 0/0
   196 | D:1      | Reached XP level 2. HP: 26/27 MP: 1/1
   451 | D:1      | Reached skill level 1 in Throwing
   948 | D:2      | Identified the ring "Mufav" {Will+ Dex+4}
  1018 | D:2      | Reached XP level 3. HP: 31/33 MP: 2/2
  1079 | D:2      | Identified a scroll of acquirement
  1079 | D:2      | Acquired a +1 eveningstar of protection
  1130 | D:2      | Reached skill level 3 in Maces & Flails
  1725 | D:3      | Reached XP level 4. HP: 37/40 MP: 3/3
  1794 | D:3      | Reached skill level 4 in Maces & Flails
  1794 | D:3      | Reached XP level 5. HP: 43/46 MP: 4/4
  2378 | D:3      | You fall into a shaft and drop 1 floor!
  2401 | D:4      | Noticed Ijyb
  2407 | D:4      | Killed Ijyb
  2434 | D:4      | Identified the +1 robe of the Quiescent Wumpus {Stlth+}
  2461 | D:4      | Acquired the +2 kite shield of Bespelled Surprise {rN+}
  2524 | D:4      | Found a blossoming altar of Fedhas.
  2530 | D:4      | Noticed an ogre
  2536 | D:4      | Killed an ogre
  2537 | D:4      | Reached skill level 5 in Maces & Flails
  2537 | D:4      | Reached skill level 1 in Dodging
  2537 | D:4      | Reached XP level 6. HP: 40/52 MP: 5/5
  2779 | D:4      | Found an ancient bone altar of Kikubaaqudgha.
  2967 | D:4      | Found Lol Buta's Assorted Antiques.
  3020 | D:4      | Found a stormy altar of Qazlal.
  3343 | D:5      | Entered Level 5 of the Dungeon
  3348 | D:5      | Found a staircase to the Ecumenical Temple.
  3366 | Temple   | Entered the Ecumenical Temple
  3383 | Temple   | Became a worshipper of the Wu Jian Council
  3490 | D:5      | Reached skill level 5 in Armour
  3764 | D:5      | Reached skill level 6 in Maces & Flails
  3764 | D:5      | Reached XP level 7. HP: 60/60 MP: 6/6
  3789 | D:5      | Reached * piety under Wu Jian
  4170 | D:6      | Noticed a steam dragon
  4176 | D:6      | Killed a steam dragon
  4177 | D:6      | Reached skill level 7 in Maces & Flails
  4185 | D:6      | Reached skill level 5 in Shields
  4185 | D:6      | Reached XP level 8. HP: 40/67 MP: 7/7
  4354 | D:6      | Reached skill level 5 in Fighting
  4408 | D:6      | Noticed Menkaure
  4423 | D:6      | Killed Menkaure
  4424 | D:6      | Reached skill level 8 in Maces & Flails
  4929 | D:7      | Noticed Joseph
  4943 | D:7      | Killed Joseph
  4944 | D:7      | Reached skill level 9 in Maces & Flails
  4944 | D:7      | Reached skill level 5 in Throwing
  5157 | D:7      | Reached XP level 9. HP: 75/75 MP: 8/8
  5416 | D:7      | Identified the +1 robe of the Great Game {rN+ Will+}
  5437 | D:7      | Noticed Duvessa
  5438 | D:7      | Noticed Dowan
  5444 | D:7      | Killed Duvessa
  5450 | D:7      | Killed Dowan
  6395 | D:8      | Reached skill level 10 in Maces & Flails
  6461 | D:8      | Found a transporter.
  6461 | D:8      | Noticed a moth of wrath
  6461 | D:8      | Noticed rubinsalamander's ghost (novice DsFE)
  6540 | D:8      | Reached ** piety under Wu Jian
  6713 | D:8      | Found a sparkling altar of Nemelex Xobeh.
  6805 | D:8      | Found a transporter.
  7371 | D:8      | Killed a moth of wrath
  7372 | D:8      | Reached XP level 10. HP: 84/84 MP: 9/9
  7373 | D:8      | Killed rubinsalamander's ghost
  7374 | D:8      | Reached skill level 11 in Maces & Flails
  7375 | D:8      | Identified the ring "Geupli" {Fly rElec rC+++ rN+ Stlth+}
  7462 | D:9      | Found a burning altar of Makhleb.
  7466 | D:9      | Noticed a cyclops
  7477 | D:9      | Killed a cyclops
  7981 | D:9      | Found a staircase to the Orcish Mines.
  8010 | D:9      | Found a shimmering altar of Xom.
  8053 | D:9      | Noticed a two-headed ogre
  8062 | D:9      | Killed a two-headed ogre
  8063 | D:9      | Reached skill level 12 in Maces & Flails
  8381 | D:9      | Found a runed translucent door.
  8392 | D:9      | Noticed twist's ghost (novice OpTm)
  8404 | D:9      | Found a bloodstained altar of Trog.
  8560 | D:9      | Found Ravuuc's Jewellery Emporium.
  8844 | D:9      | Killed twist's ghost
  8850 | D:9      | Identified the +6 rapier "Jesukh" {venom, rElec rF+ Stlth+}
  8890 | D:10     | Entered Level 10 of the Dungeon
  8903 | D:10     | Reached XP level 11. HP: 74/94 MP: 10/10
  9029 | D:10     | Reached *** piety under Wu Jian
  9188 | D:10     | Found a staircase to the Lair.
  9236 | D:10     | Found a runed translucent door.
  9236 | D:10     | Noticed decrepitue's ghost (novice DEAM)
  9752 | D:10     | Reached skill level 13 in Maces & Flails
 10149 | D:10     | Killed decrepitue's ghost
 10211 | D:11     | Found a portal to a secret trove of treasure.
 10225 | D:11     | Noticed a two-headed ogre
 10234 | D:11     | Killed a two-headed ogre
 10484 | D:11     | Noticed a five-headed hydra
 10494 | D:11     | Killed a five-headed hydra
 11202 | D:12     | Reached skill level 10 in Shields
 11211 | D:12     | Reached **** piety under Wu Jian
 11390 | D:12     | Noticed a deep elf pyromancer
 11400 | D:12     | Killed a deep elf pyromancer
 11401 | D:12     | Reached XP level 12. HP: 78/104 MP: 11/11
 11593 | D:12     | Reached skill level 14 in Maces & Flails
 11700 | D:12     | Noticed Erolcha
 11715 | D:12     | Killed Erolcha
 11987 | D:12     | Noticed Fannar
 12008 | D:12     | Killed Fannar
 12665 | Lair:1   | Entered Level 1 of the Lair of Beasts
 12940 | Lair:1   | Reached skill level 10 in Fighting
 12957 | Lair:1   | Reached skill level 10 in Armour
 13444 | Lair:1   | Noticed an eight-headed hydra
 13452 | Lair:1   | Killed an eight-headed hydra
 13453 | Lair:1   | Reached skill level 15 in Maces & Flails
 13453 | Lair:1   | Reached skill level 10 in Throwing
 13873 | Lair:2   | Found a staircase to the Swamp.
 13909 | Lair:2   | Noticed an eight-headed hydra
 13926 | Lair:2   | Killed an eight-headed hydra
 14240 | Lair:2   | Reached ***** piety under Wu Jian
 14251 | Lair:2   | Found a staircase to the Snake Pit.
 14388 | Lair:2   | You are sucked into a shaft and drop 1 floor!
 14421 | Lair:3   | Reached XP level 13. HP: 114/114 MP: 12/12
 14466 | Lair:3   | Identified the +3 ring mail "Ottirupt" {rF+ Int+3}
 15677 | Lair:3   | Identified the +1 ring mail of Hog Laex {rPois rC- Str+3}
 15742 | Lair:3   | Reached skill level 5 in Dodging
 15745 | Lair:3   | HP: 5/116 [death yak (20)]
 15750 | Lair:3   | Slain by a death yak

Illustrated notes

Levels and vault maps discovered:
D:1:      wander_arrival_peaceful_grave, layout_loops_corners
D:2:      layout_loops_ring
D:3:      layout_loops_cross
D:4:      layout_basic, mainiacjoe_overflow_brackets, fedhas_altar_1,
          lemuel_round_altar, nicolae_inconvenience_store, uniq_ijyb
D:5:      layout_gridville, minmay_temple_entry_grid, st_stairs_1,
          goddamned_bats
D:6:      layout_cave_pools, uniq_menkaure
D:7:      layout_loops_ring, uniq_duvessa, uniq_joseph
D:8:      layout_loops_corners, nemelex_diamond_rough_becter,
          gammafunk_ghost_berserking_beasts
D:9:      layout_loops_cross, tgw_xom, mainiacjoe_overflow_cross_hatched,
          lemuel_crystal_altar, david_orc_2, serial_shops, shop_statue,
          ebering_ghost_reflecting_pool
D:10:     layout_basic, minmay_lair_entry_grove, gammafunk_ghost_grave
D:11:     layout_roguey, enter_trove_3
D:12:     layout_basic, uniq_fannar, uniq_erolcha
Temple:   hellmonk_temple_two_chambers
Lair:1:   layout_chaotic_city, grunt_forest_large_clearings
Lair:2:   layout_chaotic_city, minmay_swamp_entry_swarm,
          guppyfry_snake_entry_garden, lightli_volcano_entry_magma_tube
Lair:3:   layout_gridlike, grunt_forest_stairs_basic

Skill      XL: |  1  2  3  4  5  6  7  8  9 10 11 12 13 |
---------------+----------------------------------------+-----
Throwing       | 1 2 3 4 5 6 8 9 10 | 10.0
Armour         | 4 5 6 8 9 10 | 10.9
Maces & Flails | 3 4 5 6 7 9 10 12 13 15 | 15.8
Shields        | 4 5 6 7 8 10 11 | 11.7
Fighting       | 4 5 6 7 9 10 11 | 11.0
Dodging        | 1 2 3 4 5 |  5.1
Stealth        | |  0.8

Action                   |  1- 3 |  4- 6 |  7- 9 | 10-12 | 13-15 || total
-------------------------+-------+-------+-------+-------+-------++-------
Melee: Flail             |    57 |       |       |       |       ||    57
       Headbutt          |    14 |     9 |    29 |   116 |    20 ||   188
       Eveningstar       |    32 |    71 |   231 |   645 |   115 ||  1094
Throw: Stone             |       |    24 |     9 |    34 |    16 ||    83
Invok: Lunge             |       |     2 |    16 |    35 |     5 ||    58
       Whirlwind         |       |       |    20 |    92 |    47 ||   159
  Use: Scroll            |     6 |     5 |     9 |     6 |     3 ||    29
       Potion            |       |       |     2 |     5 |     2 ||     9
Armor: Scale mail        |    47 |    16 |       |       |       ||    63
       Chain mail        |       |    32 |    59 |       |       ||    91
       Plate armour      |       |       |    45 |   352 |    40 ||   437
Dodge: Dodged            |    39 |    46 |   101 |   167 |    26 ||   379
Block: Buckler           |    16 |     5 |       |       |       ||    21
       Kite shield       |       |    51 |   140 |   462 |    50 ||   703
